[Event "Titled Tuesday Blitz November 07 Late 2023"]
[White "D`Arruda, Ricardo D."]
[Black "Samarth J Rao"]
[WhiteFideId "100692"]
[BlackFideId "46652370"]
[WhiteElo "2528"]
[BlackElo "2069"]
[Result "0-1"]
[Round "1"]
[TimeControl "180+1"]
[Date "2023.11.07"]
[WhiteClock "0:01:47"]
[BlackClock "0:00:10"]
[Board "165"]

1. Nf3 Nf6 2. d4 d5 3. c4 c6 4. e3 e6 5. Nc3 Nbd7 6. Bd3 dxc4 7. Bxc4 b5 8. Bb3 Bb7 9. O-O a6 10. e4 c5 11. e5 cxd4 12. Qxd4 Ng8 13. Bg5 Qc7 14. Rac1 Bc5 15. Qg4 h5 16. Qh4 Ne7 17. Ne4 Ng6 18. Nxc5 Nxh4 19. Nxe6 Nxf3+ 20. gxf3 Qxe5 21. Rfe1 Qxe1+ 22. Rxe1 fxe6 23. Bxe6 Nc5 24. Bd5+ Kd7 25. Re7+ Kc8 26. Bxb7+ Nxb7 27. Rxg7 Nc5 28. Bf4 Nd7 29. Rg6 Kb7 30. Rg7 Kc6 31. Rg6+ Kb7 32. Rd6 Rad8 33. Kf1 Kc7 34. Rxa6+ Kb7 35. Rd6 Nb6 36. Rf6 Rd7 37. Be3 Nd5 38. Rf5 Nxe3+ 39. fxe3 Kc6 40. Rf6+ Rd6 41. Rf5 Rd5 42. e4 Rxf5 43. exf5 Rf8 44. Kf2 Rxf5 45. Kg3 Kd5 46. h4 Kd4 47. f4 Ke4 48. Kf2 Rxf4+ 49. Ke2 Rxh4 50. Kd2 Rf4 51. Kc3 h4 52. Kb4 h3 53. Kxb5 h2 54. Kc6 h1=Q 55. b4 Qg2 56. b5 Qxa2 57. b6 Qe6+ 58. Kc7 0-1


[Site "https://www.chess.com"]

[Event "Titled Tuesday Blitz November 07 Late 2023"]
[White "Sailer, Mike"]
[Black "elmusmolamas"]
[WhiteFideId "2012901"]
[WhiteElo "2065"]
[BlackElo "2523"]
[Result "1-0"]
[Round "1"]
[TimeControl "180+1"]
[Date "2023.11.07"]
[WhiteClock "0:00:11"]
[BlackClock "0:00:16"]
[Board "166"]

1. g3 h5 2. h4 Nf6 3. Bg2 c6 4. c4 e5 5. d4 e4 6. Nc3 d5 7. cxd5 cxd5 8. e3 Bg4 9. Qb3 Qd7 10. Nge2 Nc6 11. a3 Na5 12. Qb5 Qxb5 13. Nxb5 Kd7 14. Bd2 Nb3 15. Rb1 a6 16. Nbc3 b5 17. Nc1 Nxd2 18. Kxd2 b4 19. Na4 Rb8 20. Nb3 bxa3 21. Nbc5+ Bxc5 22. Nxc5+ Kd6 23. bxa3 a5 24. Rhc1 Rxb1 25. Rxb1 Kc6 26. Rb7 Nd7 27. Ra7 Kb6 28. Rxd7 Bxd7 29. Nxd7+ Kb5 30. Nc5 g5 31. Bf1+ Kc6 32. hxg5 Rg8 33. a4 Rxg5 34. Bb5+ Kc7 35. Nb3 Kb6 36. Nc5 h4 37. gxh4 Rh5 38. Be8 Rh8 39. Bxf7 Rf8 40. Bxd5 Rxf2+ 41. Kc3 Rh2 42. Bxe4 Rxh4 43. Kd3 Rh2 44. Bd5 Ra2 45. Bc4 Rxa4 46. Nxa4+ Kc7 47. Nc3 Kd8 48. Bb3 a4 49. Kc4 a3 50. Ba2 Kc7 51. Kb3 Kb6 52. Kxa3 Kc7 53. Kb3 Kd8 54. Kc4 Ke7 55. Kc5 Kd8 56. d5 Ke7 57. Kc6 Kf8 58. Kc7 Kg7 59. d6 Kf6 60. d7 Kg5 61. d8=Q+ 1-0


[Site "https://www.chess.com"]

[Event "Titled Tuesday Blitz November 07 Late 2023"]
[White "Droin, Augustin"]
[Black "Oliveira, Tiago Batista"]
[WhiteFideId "45105987"]
[BlackFideId "2108291"]
[WhiteElo "2521"]
[BlackElo "2046"]
[Result "0-1"]
[Round "1"]
[TimeControl "180+1"]
[Date "2023.11.07"]
[WhiteClock "0:02:26"]
[BlackClock "0:00:57"]
[Board "167"]

1. e4 e5 2. Nf3 Nc6 3. c3 d6 4. d4 g6 5. dxe5 Nxe5 6. Nxe5 dxe5 7. Qxd8+ Kxd8 8. Bc4 Ke7 9. Be3 b6 10. Nd2 Be6 11. Ke2 Rd8 12. Bxe6 Kxe6 13. a4 c5 14. a5 Bh6 15. axb6 axb6 16. Ra6 Rd6 17. Nc4 Rc6 18. Bxh6 Nxh6 19. Rxb6 Rxb6 20. Nxb6 Rb8 21. Nc4 f5 22. Rd1 Ng4 23. f3 Nf6 24. Rd6+ Ke7 25. exf5 gxf5 26. Rc6 Rb5 27. Kd3 e4+ 28. fxe4 Nxe4 29. Kc2 Rb8 30. Rh6 0-1


[Site "https://www.chess.com"]

[Event "Titled Tuesday Blitz November 07 Late 2023"]
[White "Roebers, Jan"]
[Black "Sulthankan"]
[WhiteFideId "1007815"]
[WhiteElo "2035"]
[BlackElo "2520"]
[Result "1-0"]
[Round "1"]
[TimeControl "180+1"]
[Date "2023.11.07"]
[WhiteClock "0:01:59"]
[BlackClock "0:00:39"]
[Board "168"]

1. e4 c5 2. d4 cxd4 3. c3 dxc3 4. Nxc3 e6 5. Nf3 Nc6 6. Bc4 a6 7. O-O b5 8. Bb3 Nge7 9. Bf4 Bb7 10. Qe2 Na5 11. e5 Ng6 12. Bg3 Be7 13. Bc2 O-O 14. Rfd1 Rc8 15. Rac1 Qc7 16. h4 Bc5 17. h5 Ne7 18. Ne4 Qb6 19. Nxc5 Qxc5 20. Bxh7+ Kxh7 21. Rxc5 Rxc5 22. b4 Rc7 23. bxa5 Nf5 24. Nd4 Nh6 25. Bf4 Ng8 26. Qd3+ Kh8 27. Nf3 Bd5 28. Ng5 g6 29. hxg6 fxg6 30. Qh3+ 1-0


[Site "https://www.chess.com"]

[Event "Titled Tuesday Blitz November 07 Late 2023"]
[White "arenal72"]
[Black "Bongo Akanga Ndjila, Barthelemy"]
[BlackFideId "10609431"]
[WhiteElo "2520"]
[BlackElo "2009"]
[Result "1-0"]
[Round "1"]
[TimeControl "180+1"]
[Date "2023.11.07"]
[WhiteClock "0:00:54"]
[BlackClock "0:00:00"]
[Board "169"]

1. Nf3 d5 2. g3 Nf6 3. Bg2 e6 4. O-O Be7 5. c4 O-O 6. d3 dxc4 7. dxc4 Qxd1 8. Rxd1 Nc6 9. a3 a5 10. Bf4 Bd8 11. b3 Nh5 12. Bd2 Bf6 13. Bc3 Bxc3 14. Nxc3 Na7 15. Nd4 c6 16. Na4 Nf6 17. Nb6 Rb8 18. b4 e5 19. Nf3 e4 20. Nd4 Bg4 21. h3 Bh5 22. g4 Bg6 23. e3 axb4 24. axb4 Nc8 25. Nxc8 Rbxc8 26. Nb3 Rfd8 27. Rxd8+ Rxd8 28. Ra7 Rb8 29. Bf1 Nd7 30. Na5 f5 31. Rxb7 Rxb7 32. Nxb7 fxg4 33. hxg4 Ne5 34. Be2 Bf7 35. Nd6 Be6 36. c5 Bxg4 37. Bxg4 Nxg4 38. Nxe4 Ne5 39. Nc3 Kf7 40. b5 cxb5 41. Nxb5 Ke6 42. f4 Nc6 43. Nd4+ 1-0


[Site "https://www.chess.com"]

[Event "Titled Tuesday Blitz November 07 Late 2023"]
[White "kalxandria"]
[Black "Lima, Kleyton Alcantara"]
[BlackFideId "22718397"]
[WhiteElo "2003"]
[BlackElo "2517"]
[Result "0-1"]
[Round "1"]
[TimeControl "180+1"]
[Date "2023.11.07"]
[WhiteClock "0:00:08"]
[BlackClock "0:01:21"]
[Board "170"]

1. e4 c5 2. Nf3 d6 3. d4 cxd4 4. Nxd4 Nf6 5. Nc3 a6 6. Bg5 e6 7. f4 Be7 8. Qf3 Qc7 9. O-O-O Nbd7 10. g4 b5 11. Bxf6 Nxf6 12. g5 Nd7 13. f5 O-O 14. f6 gxf6 15. gxf6 Nxf6 16. Rg1+ Kh8 17. Bd3 b4 18. Nce2 Bb7 19. Qe3 Rac8 20. Rg3 Rg8 21. Rdg1 Rxg3 22. Nxg3 Rg8 23. Rf1 Ng4 24. Qd2 Bg5 0-1


[Site "https://www.chess.com"]

[Event "Titled Tuesday Blitz November 07 Late 2023"]
[White "Bilan, Danila"]
[Black "Aung Thant Zin"]
[WhiteFideId "24161918"]
[BlackFideId "13000063"]
[WhiteElo "2516"]
[BlackElo "2000"]
[Result "1-0"]
[Round "1"]
[TimeControl "180+1"]
[Date "2023.11.07"]
[WhiteClock "0:00:33"]
[BlackClock "0:00:00"]
[Board "171"]

1. d4 Nf6 2. Nf3 e6 3. g3 d5 4. Bg2 c5 5. O-O Nc6 6. c4 Be7 7. Nc3 dxc4 8. dxc5 O-O 9. Nd2 Ne5 10. Nde4 Nxe4 11. Nxe4 f5 12. Nd6 Bxd6 13. cxd6 Rb8 14. Bf4 Nd7 15. Qd4 b5 16. Qxa7 Qb6 17. Be3 Qxd6 18. Rad1 Qe7 19. Bc6 Rd8 20. Rd2 f4 21. Bxf4 e5 22. Be3 1-0


[Site "https://www.chess.com"]

[Event "Titled Tuesday Blitz November 07 Late 2023"]
[White "Desideri, Ricardo Maruchi"]
[Black "Arencibia Monduy, Antonio"]
[WhiteFideId "2110440"]
[BlackFideId "3507939"]
[WhiteElo "1994"]
[BlackElo "2516"]
[Result "0-1"]
[Round "1"]
[TimeControl "180+1"]
[Date "2023.11.07"]
[WhiteClock "0:00:00"]
[BlackClock "0:00:28"]
[Board "172"]

1. e4 c5 2. Nf3 d6 3. d4 cxd4 4. Nxd4 Nf6 5. Nc3 a6 6. Rg1 Nc6 7. Nb3 e6 8. g4 h6 9. h4 h5 10. g5 Ng4 11. f3 Nge5 12. f4 Ng4 13. Qe2 Qb6 14. Rg3 g6 15. Be3 Nxe3 16. Rxe3 Bg7 17. O-O-O O-O 18. Rxd6 Qc7 19. Red3 Nb4 20. e5 Nxd3+ 21. Qxd3 Re8 22. Bg2 Bf8 23. Rd4 Be7 24. Ne4 Rd8 25. Nd6 Rb8 26. Nd2 Bd7 27. N2e4 Bc6 28. Bf3 Bxe4 29. Bxe4 Rd7 30. Bxg6 Rbd8 31. Bxf7+ Kf8 32. Qg6 Bxd6 33. Qg8+ Ke7 34. exd6+ Rxd6 35. Qg7 Rxd4 36. Bg6+ Kd6 0-1


[Site "https://www.chess.com"]

[Event "Titled Tuesday Blitz November 07 Late 2023"]
[White "Taboas Rodriguez, Daniel"]
[Black "Mirza, Diana"]
[WhiteFideId "2208466"]
[BlackFideId "2503999"]
[WhiteElo "2515"]
[BlackElo "1982"]
[Result "1-0"]
[Round "1"]
[TimeControl "180+1"]
[Date "2023.11.07"]
[WhiteClock "0:01:40"]
[BlackClock "0:00:54"]
[Board "173"]

1. d4 Nf6 2. Nf3 g6 3. c4 Bg7 4. Nc3 O-O 5. e4 d6 6. Be2 c5 7. d5 Bd7 8. O-O a6 9. a4 e6 10. dxe6 Bxe6 11. Bf4 Ne8 12. e5 Nc6 13. exd6 Nd4 14. Ne4 Nxf3+ 15. Bxf3 Bxc4 16. Re1 b5 17. axb5 Bxb5 18. Nxc5 Bxb2 19. Bxa8 Bxa1 20. Qxa1 Qxa8 21. d7 Ng7 22. Bh6 Nf5 23. Bxf8 Kxf8 24. Qh8# 1-0


[Site "https://www.chess.com"]

[Event "Titled Tuesday Blitz November 07 Late 2023"]
[White "Dias, Joao Batista"]
[Black "TimGrutter03"]
[WhiteFideId "2108240"]
[WhiteElo "1969"]
[BlackElo "2514"]
[Result "0-1"]
[Round "1"]
[TimeControl "180+1"]
[Date "2023.11.07"]
[WhiteClock "0:00:04"]
[BlackClock "0:00:12"]
[Board "174"]

1. e4 d6 2. d4 g6 3. Nf3 Bg7 4. h3 Nf6 5. Bd3 O-O 6. O-O Nc6 7. Bg5 h6 8. Bxf6 Bxf6 9. c3 e5 10. d5 Ne7 11. Nh2 Bg5 12. Nd2 f5 13. Ndf3 Bf6 14. Qe2 f4 15. c4 b6 16. a4 a5 17. Kh1 g5 18. g4 h5 19. Rg1 hxg4 20. Nxg4 Bxg4 21. Rxg4 Kf7 22. Qd2 Rh8 23. Bf1 Qd7 24. Kg1 Ng6 25. Bg2 Rh5 26. Kf1 Rah8 27. Ng1 Rxh3 28. f3 Rh2 29. b4 Nh4 30. Ra2 axb4 31. Qxb4 Ra8 32. a5 bxa5 33. Rxa5 Rxa5 34. Qxa5 Nxg2 35. Rxg2 Rxg2 36. Kxg2 g4 37. Qb5 gxf3+ 38. Kxf3 Qc8 39. c5 dxc5 40. Qxc5 Be7 41. Qc6 Bd6 42. Qc2 Qa6 43. Qh2 Qd3+ 44. Kg4 Qxe4 45. Qh5+ Qg6+ 46. Qxg6+ Kxg6 47. Nf3 Kf6 48. Nd2 Ke7 49. Kf5 Kd7 50. Nf3 Kc8 51. Ng5 Kb7 52. Nf3 Kb6 53. Ke4 Kc5 54. Nd2 Kb4 55. Nf3 Kc3 56. Ng5 Kd2 57. Nf3+ Ke2 58. Ng5 Kf2 59. Nf3 Kg3 60. Ng5 Kg4 61. Nf3 Kg3 62. Ng5 Bb4 63. Nf3 Bc3 64. Ng5 Kg4 65. Nf3 Bd4 66. Nh2+ Kg3 67. Nf3 Kf2 68. Ng5 Ke2 69. Nf3 Kd1 70. Ng5 Kc2 71. Nf3 Kb3 72. Ng5 Kc4 73. Nf3 Kc5 74. Ng5 Kd6 75. Nf3 Ke7 76. Ng5 Kf6 77. Nf3 Kg6 78. Nd2 Be3 79. Nf3 Bd4 80. Nxd4 exd4 81. Kxf4 d3 82. Ke4 d2 83. Kd3 d1=Q+ 84. Kc4 Kf5 85. Kc5 Ke5 86. Kc6 Qxd5+ 87. Kxc7 Qd6+ 0-1


[Site "https://www.chess.com"]

[Event "Titled Tuesday Blitz November 07 Late 2023"]
[White "Ronka, Erik"]
[Black "Burke, Paul"]
[WhiteFideId "505080"]
[BlackFideId "2605767"]
[WhiteElo "2513"]
[BlackElo "1880"]
[Result "1-0"]
[Round "1"]
[TimeControl "180+1"]
[Date "2023.11.07"]
[WhiteClock "0:02:33"]
[BlackClock "0:00:00"]
[Board "175"]

1. e4 e5 2. Nc3 Nc6 3. Bc4 Be7 4. f4 Bc5 5. Nf3 d6 6. d3 Nf6 7. Ng5 O-O 8. f5 Na5 9. g4 Nxc4 10. dxc4 h6 11. h4 c6 12. Qf3 d5 13. cxd5 cxd5 14. exd5 e4 15. Ngxe4 Nxe4 16. Nxe4 Re8 17. Kf1 Qe7 18. Nf2 Bxf2 19. Kxf2 Qc5+ 20. Kg2 Qxc2+ 21. Kg3 Re2 22. Bf4 Bd7 23. Rac1 Qxb2 24. Rc7 Ba4 25. f6 g6 26. Re7 1-0


[Site "https://www.chess.com"]

[Event "Titled Tuesday Blitz November 07 Late 2023"]
[White "Vargas, Mauricio"]
[Black "Urbina Perez, Juan Antonio"]
[WhiteFideId "4404572"]
[BlackFideId "2217368"]
[WhiteElo "1854"]
[BlackElo "2513"]
[Result "0-1"]
[Round "1"]
[TimeControl "180+1"]
[Date "2023.11.07"]
[WhiteClock "0:00:00"]
[BlackClock "0:01:45"]
[Board "176"]

1. e4 e5 2. Nf3 Nf6 3. Nc3 Nc6 4. Bc4 Nxe4 5. Nxe4 d5 6. Bxd5 Qxd5 7. d3 Bg4 8. h3 Bh5 9. g4 Bg6 10. Nc3 Qd7 11. Be3 O-O-O 12. Qe2 h5 13. g5 h4 14. O-O-O Bh5 15. Bd2 Nd4 16. Qxe5 Nxf3 17. Qf4 Bd6 18. Qc4 Nxd2 19. Rxd2 a6 20. Nd5 Kb8 0-1


[Site "https://www.chess.com"]

[Event "Titled Tuesday Blitz November 07 Late 2023"]
[White "Tokhirjonova, Gulrukhbegim"]
[Black "Carlsen, Magnus"]
[WhiteFideId "14203626"]
[BlackFideId "1503014"]
[WhiteElo "2656"]
[BlackElo "3268"]
[Result "0-1"]
[Round "2"]
[TimeControl "180+1"]
[Date "2023.11.07"]
[WhiteClock "0:00:00"]
[BlackClock "0:00:35"]
[Board "1"]

1. e4 c5 2. Nf3 b6 3. d4 cxd4 4. Nxd4 Bb7 5. Nc3 a6 6. f4 b5 7. Bd3 Nf6 8. e5 b4 9. Na4 Nd5 10. O-O e6 11. c4 bxc3 12. bxc3 Nc6 13. Rb1 Rb8 14. Nf3 g6 15. Qe2 Qa5 16. Qc2 Be7 17. Bd2 O-O 18. Ng5 Bxg5 19. fxg5 Qc7 20. c4 Nde7 21. Bf4 Nxe5 22. Rbe1 d6 23. c5 Qc6 24. Be4 d5 25. Bxe5 dxe4 26. Bxb8 Rxb8 27. Nb6 Nf5 0-1


[Site "https://www.chess.com"]

[Event "Titled Tuesday Blitz November 07 Late 2023"]
[White "Jacobson, Brandon"]
[Black "Shuvalova, Polina"]
[WhiteFideId "30901561"]
[BlackFideId "24171760"]
[WhiteElo "3129"]
[BlackElo "2653"]
[Result "1-0"]
[Round "2"]
[TimeControl "180+1"]
[Date "2023.11.07"]
[WhiteClock "0:01:16"]
[BlackClock "0:00:21"]
[Board "2"]

1. Nf3 c5 2. c4 b6 3. g3 Bb7 4. Bg2 g6 5. O-O Bg7 6. Nc3 Nf6 7. d4 cxd4 8. Qxd4 O-O 9. Rd1 d6 10. Qh4 Nbd7 11. Be3 Rc8 12. Rac1 h5 13. Bh3 Ng4 14. Bxg4 Rxc4 15. h3 hxg4 16. hxg4 Bxf3 17. exf3 Ne5 18. Kg2 Qa8 19. Nd5 Re8 20. Rxc4 Nxc4 21. Bh6 Qb7 22. Bxg7 Kxg7 23. g5 Qc8 24. Qh6+ Kg8 25. Rh1 1-0


[Site "https://www.chess.com"]

[Event "Titled Tuesday Blitz November 07 Late 2023"]
[White "Arman, Deniz"]
[Black "Nihal Sarin"]
[WhiteFideId "6302106"]
[BlackFideId "25092340"]
[WhiteElo "2650"]
[BlackElo "3101"]
[Result "0-1"]
[Round "2"]
[TimeControl "180+1"]
[Date "2023.11.07"]
[WhiteClock "0:00:31"]
[BlackClock "0:01:02"]
[Board "3"]

1. e4 c5 2. d4 cxd4 3. c3 Nf6 4. e5 Nd5 5. Nf3 d6 6. Qxd4 e6 7. Nbd2 Nc6 8. Bb5 Bd7 9. Bxc6 Bxc6 10. Nc4 f6 11. Nxd6+ Bxd6 12. exd6 Qxd6 13. c4 e5 14. Qd2 O-O-O 15. cxd5 Bb5 16. a4 Ba6 17. b3 Kb8 18. Ba3 Qd7 19. Rd1 Qg4 20. Rg1 e4 21. h3 Qh5 22. Qf4+ Ka8 23. g4 Qxh3 24. Rg3 Qf1+ 25. Kd2 Qd3+ 26. Kc1 Rc8+ 27. Kb2 Rc2+ 28. Ka1 Qc3+ 0-1


[Site "https://www.chess.com"]

[Event "Titled Tuesday Blitz November 07 Late 2023"]
[White "Duda, Jan-Krzysztof"]
[Black "Chor, Kevin"]
[WhiteFideId "1170546"]
[BlackFideId "2090740"]
[WhiteElo "3081"]
[BlackElo "2649"]
[Result "1-0"]
[Round "2"]
[TimeControl "180+1"]
[Date "2023.11.07"]
[WhiteClock "0:01:10"]
[BlackClock "0:00:05"]
[Board "4"]

1. b3 Nf6 2. Bb2 e6 3. e3 Be7 4. g4 h6 5. Nf3 d6 6. Rg1 e5 7. h3 Nc6 8. c4 e4 9. Nh2 Be6 10. Nc3 d5 11. cxd5 Bxd5 12. g5 hxg5 13. Rxg5 Be6 14. Rxg7 Bd6 15. f4 exf3 16. Nxf3 Nh5 17. Rg5 Bg3+ 18. Ke2 f6 19. Ne4 fxg5 20. Bxh8 g4 21. Nfg5 Ne5 22. d4 Ng6 23. Nxe6 Qd7 24. hxg4 Qxe6 25. gxh5 Qxe4 26. hxg6 O-O-O 27. Bf6 Re8 28. Qd3 Qg4+ 29. Kd2 Rxe3 30. Qxe3 Bf4 31. g7 Bxe3+ 32. Kxe3 Qg3+ 33. Kd2 Qf4+ 34. Kc3 Qf3+ 35. Bd3 Qc6+ 36. Bc4 Qf3+ 37. Kb4 a5+ 38. Ka3 1-0


[Site "https://www.chess.com"]

[Event "Titled Tuesday Blitz November 07 Late 2023"]
[White "Adla, Diego"]
[Black "Le, Quang Liem"]
[WhiteFideId "100072"]
[BlackFideId "12401137"]
[WhiteElo "2648"]
[BlackElo "3076"]
[Result "0-1"]
[Round "2"]
[TimeControl "180+1"]
[Date "2023.11.07"]
[WhiteClock "0:02:29"]
[BlackClock "0:02:50"]
[Board "5"]

1. c4 c5 2. Nf3 Nc6 3. d4 cxd4 4. Nxd4 Nf6 5. Nc3 e6 6. g3 Qb6 7. Ndb5 Ne5 8. Bf4 Nfg4 9. e3 a6 10. h4 axb5 0-1


[Site "https://www.chess.com"]

[Event "Titled Tuesday Blitz November 07 Late 2023"]
[White "Hakobyan, Aram"]
[Black "Thomforde-Toates, Noah"]
[WhiteFideId "13306677"]
[BlackFideId "30951992"]
[WhiteElo "3065"]
[BlackElo "2647"]
[Result "1-0"]
[Round "2"]
[TimeControl "180+1"]
[Date "2023.11.07"]
[WhiteClock "0:00:36"]
[BlackClock "0:01:13"]
[Board "6"]

1. d4 Nf6 2. c4 g6 3. Nc3 Bg7 4. e4 d6 5. Be2 O-O 6. Nf3 e5 7. O-O exd4 8. Nxd4 Re8 9. f3 c6 10. Kh1 Nbd7 11. Bf4 Nh5 12. Bxd6 Qf6 13. Nb3 Nf4 14. Bxf4 Qxf4 15. g3 Qe3 16. Qd3 Qxd3 17. Bxd3 Bxc3 18. bxc3 Ne5 19. Be2 Be6 20. c5 Red8 21. f4 Nd7 22. c4 f6 23. Rfd1 a5 24. a4 Kf7 25. Rd6 Ke7 26. Rad1 f5 27. e5 b6 28. Nd4 Nxc5 29. Nxc6+ Kf7 30. Nxd8+ Ke7 31. Nxe6 Nxe6 32. Rxb6 Rc8 33. Bf3 Rxc4 34. Rxe6+ Kxe6 35. Bd5+ 1-0


[Site "https://www.chess.com"]

[Event "Titled Tuesday Blitz November 07 Late 2023"]
[White "Janaszak, Dawid"]
[Black "Pranav, V"]
[WhiteFideId "1119206"]
[BlackFideId "25060783"]
[WhiteElo "2646"]
[BlackElo "3064"]
[Result "0-1"]
[Round "2"]
[TimeControl "180+1"]
[Date "2023.11.07"]
[WhiteClock "0:00:01"]
[BlackClock "0:00:16"]
[Board "7"]

1. e4 e5 2. Nf3 Nc6 3. Bc4 Nf6 4. d4 exd4 5. O-O Nxe4 6. Re1 d5 7. Bxd5 Qxd5 8. Nc3 Qa5 9. Nxe4 Be6 10. Bd2 Qd5 11. Bg5 d3 12. cxd3 Bb4 13. Nc3 Qd7 14. a3 Ba5 15. d4 Bxc3 16. bxc3 O-O 17. Rb1 b6 18. h3 Rfe8 19. Qc1 f6 20. Bf4 Na5 21. Nd2 Bf5 22. Ra1 h6 23. Bg3 Rad8 24. Qb2 Kh7 25. Qb4 c5 26. Qb2 cxd4 27. Rxe8 dxc3 28. Qxc3 Rxe8 29. Nf1 Rc8 30. Qf3 Bg6 31. Rd1 Qa4 32. Re1 Nc6 33. Rc1 Nd4 34. Rxc8 Nxf3+ 35. gxf3 Qxa3 36. Ne3 b5 37. Rc7 Qd3 38. Ng4 Qxf3 39. Bh4 Kg8 40. Rc8+ Kf7 41. Rc7+ Ke6 42. Rxg7 Be4 43. Kf1 Qd1# 0-1


[Site "https://www.chess.com"]

[Event "Titled Tuesday Blitz November 07 Late 2023"]
[White "Firouzja, Alireza"]
[Black "Volkov, Maksim"]
[WhiteFideId "12573981"]
[BlackFideId "54123070"]
[WhiteElo "3062"]
[BlackElo "2645"]
[Result "1-0"]
[Round "2"]
[TimeControl "180+1"]
[Date "2023.11.07"]
[WhiteClock "0:00:57"]
[BlackClock "0:00:00"]
[Board "8"]

1. b3 e5 2. Bb2 Nc6 3. Nf3 e4 4. Nd4 Nxd4 5. Bxd4 d5 6. e3 Nh6 7. Bb2 Nf5 8. Be2 Be7 9. d3 O-O 10. dxe4 dxe4 11. Nc3 Bf6 12. Qxd8 Rxd8 13. Rd1 Be6 14. Rd2 a6 15. Kd1 b5 16. Kc1 Rxd2 17. Kxd2 Nd6 18. Kc1 Be5 19. Rd1 Kf8 20. Nd5 Bxb2+ 21. Kxb2 Bxd5 22. Rxd5 f6 23. Rc5 Ra7 24. a4 bxa4 25. b4 Ke7 26. Ka3 Nc8 27. Kxa4 Nb6+ 28. Ka5 Kd6 29. Bxa6 Nd7 30. Rc3 c6 31. Ra3 Kc7 32. c4 Ra8 33. b5 c5 34. Ka4 Nb6+ 35. Kb3 Rd8 36. Kc2 Nxc4 37. Rc3 Ne5 38. Rxc5+ Kb6 39. Rc3 Nd3 40. Rc6+ Ka5 41. Rc7 g5 42. Bb7 Nxf2 43. Bc6 Ng4 44. Ra7+ Kb6 45. Ra6+ Kc5 46. Bxe4 Nxe3+ 47. Kc3 Kxb5 48. Rxf6 h5 49. Rg6 g4 50. Rg5+ Kb6 51. Rxh5 Re8 52. Kd4 Nd1 53. Rh6+ Kc7 54. Rg6 Nf2 55. Bd5 Rh8 56. Rf6 Nd1 57. Kc5 Rxh2 58. Rf7+ Kc8 59. Bc6 Rh6 60. Kb6 Rh8 61. Ra7 1-0


[Site "https://www.chess.com"]

[Event "Titled Tuesday Blitz November 07 Late 2023"]
[White "Wieczorek, Oskar"]
[Black "Paravyan, David"]
[WhiteFideId "1133950"]
[BlackFideId "4194985"]
[WhiteElo "2645"]
[BlackElo "3046"]
[Result "0-1"]
[Round "2"]
[TimeControl "180+1"]
[Date "2023.11.07"]
[WhiteClock "0:00:30"]
[BlackClock "0:01:35"]
[Board "9"]

1. e4 e5 2. Nf3 Nf6 3. Nc3 Nc6 4. h3 d5 5. exd5 Nxd5 6. Bb5 Nxc3 7. bxc3 Bd6 8. O-O O-O 9. d4 Bd7 10. a4 Re8 11. Re1 exd4 12. Rxe8+ Qxe8 13. cxd4 a6 14. Bf1 h6 15. c4 Rd8 16. Bb2 Bf5 17. Qb3 Qe4 18. d5 Nb4 19. Re1 Qc2 20. Qc3 Qxc3 21. Bxc3 Bd7 22. Ne5 Bxa4 23. f4 Be8 24. Rb1 a5 25. Bd4 b6 26. g4 0-1


[Site "https://www.chess.com"]

[Event "Titled Tuesday Blitz November 07 Late 2023"]
[White "Martinez Alcantara, Jose Eduardo"]
[Black "Ehlvest, Jaan"]
[WhiteFideId "3805662"]
[BlackFideId "4500016"]
[WhiteElo "3040"]
[BlackElo "2639"]
[Result "1-0"]
[Round "2"]
[TimeControl "180+1"]
[Date "2023.11.07"]
[WhiteClock "0:02:02"]
[BlackClock "0:00:00"]
[Board "10"]

1. e4 g6 2. d4 Bg7 3. c3 d5 4. Nd2 dxe4 5. Nxe4 Nd7 6. Nf3 Ngf6 7. Nxf6+ Nxf6 8. h3 O-O 9. Bc4 c5 10. O-O Qc7 11. Qe2 cxd4 12. Nxd4 a6 13. a4 b6 14. Re1 e6 15. Bg5 Bb7 16. Bb3 Rfe8 17. Rad1 Ne4 18. Be3 Nc5 19. Bc2 e5 20. Nf3 Qc6 21. Bxc5 Qxc5 22. Be4 Bxe4 23. Qxe4 Rad8 24. Rxd8 Rxd8 25. Qb7 a5 26. Ng5 Rf8 27. Ne4 Qc4 28. Qxb6 Qxa4 29. b3 Qa2 30. Qb5 h6 31. c4 Rd8 32. c5 Rd4 33. Nd6 Qd2 34. Rf1 Rxd6 35. cxd6 Qxd6 36. Qxa5 Kh7 37. Qa4 1-0


[Site "https://www.chess.com"]

[Event "Titled Tuesday Blitz November 07 Late 2023"]
[White "Bortnyk, Olexandr"]
[Black "Amburgy, Ryan"]
[WhiteFideId "14120828"]
[BlackFideId "30924820"]
[WhiteElo "3029"]
[BlackElo "2639"]
[Result "1-0"]
[Round "2"]
[TimeControl "180+1"]
[Date "2023.11.07"]
[WhiteClock "0:00:08"]
[BlackClock "0:00:13"]
[Board "11"]

1. d4 Nf6 2. Nc3 d6 3. e4 e5 4. Nf3 Nbd7 5. Bc4 Be7 6. O-O O-O 7. h3 c6 8. Be3 h6 9. a4 Re8 10. Re1 exd4 11. Bxd4 Nf8 12. e5 dxe5 13. Nxe5 Be6 14. Qd3 Qc7 15. Rad1 Rad8 16. Bxe6 Nxe6 17. Qc4 Bd6 18. Nf3 Nxd4 19. Rxe8+ Rxe8 20. Qxd4 Nd5 21. Nxd5 cxd5 22. Qxd5 Bf8 23. c3 Re2 24. Qb5 Re7 25. Qd3 g6 26. Qd8 Kg7 27. Qd4+ f6 28. Qxa7 Re2 29. Qd4 Rxb2 30. Qd7+ Qxd7 31. Rxd7+ Kg8 32. Nd4 Bc5 33. g4 Bxd4 34. Rxd4 Rc2 35. Rd8+ Kg7 36. Rd7+ Kg8 37. Rxb7 Rxc3 38. a5 Ra3 39. Rb5 g5 40. Kg2 Kg7 41. Rf5 Kg6 42. f3 Ra2+ 43. Kf1 h5 44. Rc5 Kh6 45. Ke1 Kg6 46. Kd1 Rf2 47. a6 Ra2 48. Rc6 hxg4 49. hxg4 Kf7 50. Kc1 Ke7 51. Kb1 Ra4 52. Kb2 Ra5 53. Kb3 Ra1 54. Kb4 Rb1+ 55. Ka5 Ra1+ 56. Kb6 Rb1+ 57. Kc7 Ra1 58. Kb7 Kd7 59. Rxf6 Rb1+ 60. Rb6 Rc1 61. a7 Rc7+ 62. Ka6 Rc1 63. a8=Q Ra1+ 64. Kb7 1-0


[Site "https://www.chess.com"]

[Event "Titled Tuesday Blitz November 07 Late 2023"]
[White "Ismagilov, Damir"]
[Black "Ibarra Jerez, Jose Carlos"]
[WhiteFideId "34199982"]
[BlackFideId "2226332"]
[WhiteElo "2628"]
[BlackElo "3005"]
[Result "0-1"]
[Round "2"]
[TimeControl "180+1"]
[Date "2023.11.07"]
[WhiteClock "0:00:23"]
[BlackClock "0:00:05"]
[Board "12"]

1. d4 Nf6 2. Bf4 d5 3. e3 c5 4. c3 Nc6 5. Nd2 e6 6. Bd3 h6 7. h3 Bd6 8. Bxd6 Qxd6 9. f4 Bd7 10. a3 Ne7 11. Ngf3 cxd4 12. cxd4 Qb6 13. Qb3 Nf5 14. Qxb6 axb6 15. Kf2 Nd6 16. Ne5 Bb5 17. Bxb5+ Nxb5 18. Rac1 O-O 19. Rc2 g5 20. g3 Kg7 21. Rhc1 Rfd8 22. Kf3 Ne8 23. h4 f6 24. Nd3 gxh4 25. gxh4 Ned6 26. h5 Kf7 27. Rg1 Nf5 28. Nf2 Nfxd4+ 29. exd4 Nxd4+ 30. Ke3 Nxc2+ 31. Kd3 Rdc8 32. Rg6 Nxa3 33. bxa3 Rxa3+ 34. Ke2 Rc2 35. Ng4 Raa2 36. Nxh6+ Ke7 37. Rg7+ Kd6 38. Nf7+ Kc5 39. Nd8 Rxd2+ 40. Kf3 Rf2+ 41. Ke3 Rfe2+ 42. Kf3 Rf2+ 43. Ke3 Rae2+ 44. Kd3 Re1 45. Nxb7+ Kb4 46. h6 Rh1 47. h7 Rh3+ 48. Kd4 Rxf4# 0-1


[Site "https://www.chess.com"]